 Dungeon Crawl Stone Soup version 0.29-a0-330-g52719c12eb (webtiles) character file.

Game seed: 507026260802480010

183 Barriton the Firebug (level 5, 0/31 (38) HPs)
             Began as a Draconian Fire Elementalist on Apr 15, 2022.
             Killed from afar by Terence (1 damage)
             ... with a puff of flame
             ... on level 3 of the Dungeon.
             The game lasted 00:08:29 (2372 turns).

Barriton the Firebug (Draconian Fire Elementalist)  Turns: 2372, Time: 00:08:33

HP:   0/31 (38)     AC:  5    Str: 10    XL:     5   Next: 35%
MP:   1/10          EV: 12    Int: 17    God:
Gold: 144           SH:  0    Dex: 12    Spells: 8/11 levels left

rFire   + + .      SeeInvis .   c - +2 short sword (vamp)
rCold   x x .      Faith    .   (no shield)
rNeg    . . .      Spirit   .   (body armour unavailable)
rPois   .          Reflect  .   (helmet restricted)
rElec   .          Harm     .   (no cloak)
rCorr   .          Rampage  .   (no gloves)
Will    .....                   (no boots)
Stlth   ++........              (no amulet)
HPRegen 0.10/turn               h - ring of fire
MPRegen 0.12/turn               l - ring of fire

@: heavily drained
A: AC +5, unfitting armour, cold-blooded
a: no special abilities


You were on level 3 of the Dungeon.
You visited 1 branch of the dungeon, and saw 3 of its levels.

You collected 144 gold pieces.

Inventory:

Hand Weapons
 c - a +2 vampiric short sword (weapon)
Jewellery
 h - a ring of fire (left hand)
 l - a ring of fire (right hand)
Potions
 a - 2 potions of brilliance
 d - a potion of degeneration
 f - 3 potions of curing
 i - a potion of attraction
 j - 2 potions of invisibility
 k - a potion of flight {unknown}
 m - a potion of mutation {unknown}


   Skills:
 + Level 0.2 Fighting
 + Level 1.0 Short Blades
 + Level 2.1 Dodging
 + Level 2.1 Stealth
 + Level 3.5 Spellcasting
 + Level 1.4 Conjurations
 + Level 4.3 Fire Magic


You had 8 spell levels left.
You knew the following spells:

 Your Spells              Type           Power      Damage    Failure   Level
a - Foxfire               Conj/Fire      100%       2x1d9     4%          1
b - Scorch                Fire           80%        2d9       4%          2

Your spell library contained the following spells:

 Spells                   Type           Power      Damage    Failure   Level
 Conjure Flame            Conj/Fire      29%        6-21      16%         3
 Inner Flame              Hex/Fire       23%        N/A       21%         3
 Flame Wave               Conj/Fire      29%        2d8       45%         4
 Dispersal                Tloc           1%         N/A       100%        6
 Disjunction              Tloc           1%         N/A       100%        8


Dungeon Overview and Level Annotations

Branches:
Dungeon (3/15)

Altars:
Gozag

Annotations:
D:3 Terence


Innate Abilities, Weirdness & Mutations

Your plain brown scales are hard. (AC +5)
You cannot fit into any form of body armour.
You are cold-blooded and may be slowed by cold attacks.


Message History

Confirm with . or Enter, or press ? or * to list all spells.
You feel a strong surge of power!
You conjure some foxfire!
Terence is no longer more vulnerable to fire.
The foxfire hits Terence but does no damage.
Terence is heavily wounded.
The foxfire hits Terence but does no damage.
Terence is heavily wounded.
Terence shouts, "Get ready for death!"
Terence closely misses you.
You barely miss Terence.
Terence is heavily wounded.
Terence hits you with a +6 flail of draining!
You feel drained.
You hit Terence but do no damage.
Terence is heavily wounded.
Terence zaps a wand.
The puff of flame hits you. You resist.
You hit Terence but do no damage.
Your tail-slap misses Terence.
Your punch misses Terence.
Terence is heavily wounded.
Terence zaps a wand.
The puff of flame hits you. You resist.
You hit Terence.
You feel better.
Terence is severely wounded.
Terence hits you with a +6 flail of draining.
You feel drained.
You hit Terence.
You tail-slap Terence, but do no damage.
Terence is severely wounded.
Terence says, "Don't bother to defend, it's useless."
Terence hits you with a +6 flail of draining.
You feel drained.
You barely miss Terence.
Your tail-slap misses Terence.
Terence is severely wounded.
Terence barely misses you. Terence attacks as you move away!
Terence hits you with a +6 flail of draining!
* * * LOW HITPOINT WARNING * * *
You feel drained.
* * * LOW HITPOINT WARNING * * *
Terence zaps a wand.
The puff of flame hits you. You resist.
You die...

...# #.# ##.....# #
...# #.#
##......###.## ...#
#.# #............#
.###
#.####...........##
.#
#..........###......
.# #.#####....#
#...##. .# #.#
#....# #...##.## .#
#####.## #....#
#........ .#
#......##
#.@..###.####..#.
.####.#.....#
#...@..†).†......
............#
#..#.###.#####...
..........<.# #..#.#
#.#
.##................#
#.#
###.#####.#####..##.
... #.# #... ...# .
... #.# #...###...
.....# #.#
.....##### ....##


You could see Terence.

Vanquished Creatures
  A necrophage (D:2)
  A gnoll (D:2)
  4 adders (D:2)
  4 worms (D:2)
  6 ball pythons
  2 endoplasms
  A giant cockroach (D:1)
  8 goblins
  8 hobgoblins
  3 jackals (D:3)
  6 quokkas
  4 bats
  3 frilled lizards
  2 kobolds (D:1)
  9 rats
62 creatures vanquished.

Vanquished Creatures (others)
  79 foxfires
79 creatures vanquished.

Grand Total: 141 creatures vanquished

Notes
Turn   | Place    | Note
-------+----------+-------------------------------------------
     0 | D:1      | Barriton the Draconian Fire Elementalist began the quest
                  | for the Orb.
     0 | D:1      | Reached XP level 1. HP: 14/14 MP: 3/3
   330 | D:1      | Reached XP level 2. HP: 18/20 MP: 1/5
   867 | D:1      | Learned a level 2 spell: Scorch
  1116 | D:2      | Found an opulent altar of Gozag.
  1117 | D:2      | Noticed a necrophage
  1158 | D:2      | Killed a necrophage
  1159 | D:2      | Reached skill level 4 in Fire Magic
  1159 | D:2      | Reached XP level 3. HP: 16/26 MP: 1/7
  1159 | D:2      | Reached XP level 4. HP: 20/33 MP: 1/8
  1457 | D:2      | Found a faded altar of an unknown god.
  1676 | D:2      | Reached XP level 5. HP: 38/38 MP: 1/9
  1763 | D:2      | Reached skill level 1 in Short Blades
  2348 | D:3      | Noticed Terence
  2372 | D:3      | HP: 1/31 [Terence/+6 flail of draining (4)]
  2372 | D:3      | Killed from afar by Terence

Illustrated notes

Levels and vault maps discovered:
D:1:      roderic_crossed_star, layout_loops_ring, minmay_close_crescents
D:2:      minmay_spotlight, layout_loops_ring, basic_altar,
          chequers_ecumenical_altar_simple_redux, minmay_small_reverse_x
D:3:      minmay_chambers_of_twos, layout_loops_ring,
          mainiacjoe_overflow_brackets, tgw_trog, solitary_fountain,
          uniq_terence

Skill      XL: |  1  2  3  4  5 |
---------------+----------------+-----
Stealth        | 2 |  2.1
Dodging        | 2 |  2.1
Fire Magic     | 4 |  4.3
Spellcasting   | 3 |  3.5
Short Blades   | 1 |  1.0
Fighting       | |  0.2
Conjurations   | |  1.4

Action                   |  1- 3 |  4- 6 || total
-------------------------+-------+-------++-------
Melee: Unarmed           |    21 |       ||    21
       Tailslap          |     5 |     6 ||    11
       Short sword       |    10 |    50 ||    60
 Cast: Foxfire           |    29 |    36 ||    65
       Scorch            |     4 |    11 ||    15
  Use: Scroll            |     4 |     6 ||    10
       Potion            |     2 |       ||     2
Armor: Skin              |    11 |    21 ||    32
Dodge: Dodged            |    30 |    32 ||    62

Table legend: (Time is in decaauts)
 A = Elapsed time spent in this place.
 B = Non-inter-level travel time spent in this place.
 C = Inter-level travel time spent in this place.
 D = Time resting spent in this place.
 E = Time spent auto-exploring this place.
 F = Levels seen in this place.
 G = Mean time per level.
                   A        B        C        D        E       F      G
               +--------+--------+--------+--------+--------+-----+--------+
         Total |   2374 |   2374 |      0 |      0 |   1830 |   3 |  791.3 |
       Dungeon |   2374 |   2374 |      0 |      0 |   1830 |   3 |  791.3 |
               +--------+--------+--------+--------+--------+-----+--------+

Top non-repeatable levels by time:
     D:2: 1170 daAuts
     D:1: 1048 daAuts
     D:3: 156 daAuts
